 Dungeon Crawl Stone Soup version 0.31-a0-806-g0bc164a743 (webtiles) character file.

Game seed: 9104024397648174326

60 Bravepunisher the Ducker (level 3, 0/20 HPs)
             Began as a Spriggan Monk on Sept 20, 2023.
             Succumbed to a goblin's poison
             ... on level 3 of the Dungeon.
             The game lasted 00:03:21 (540 turns).

Bravepunisher the Ducker (Spriggan Monk)             Turns: 540, Time: 00:03:22

Health: 0/20       AC:  2    Str:  7    XL:     3   Next: 80%
Magic:  4/4        EV: 20    Int:  9    God:
Gold:   57         SH:  0    Dex: 19    Spells: 2/2 levels left

rFire   + . .        g - +7 trident "Omuatire" {flame, rF+ rC+ rN+ Int-2}
rCold   + . .        (shield currently unavailable)
rNeg    + . .        b - +0 robe
rPois   .            (helmet restricted)
rElec   .            (no cloak)
rCorr   .            (gloves unavailable)
SInv    +            (boots unavailable)
Will    .....        (no amulet)
Stlth   ++           (no ring)
HPRegen 0.23/turn    (no ring)
MPRegen 0.09/turn

%: no passive effects
@: lethally poisoned (0 -> 0), on berserk cooldown, very quick
A: very small, no large weapons, unfitting armour, see invisible, speed 3
a: no special abilities


You were on level 3 of the Dungeon.
You visited 1 branch of the dungeon, and saw 3 of its levels.

You collected 57 gold pieces.

Inventory:

Hand Weapons
 a - a +0 short sword
 g - the +7 trident "Omuatire" (weapon) {flame, rF+ rC+ rN+ Int-2}
   (You found it on level 3 of the Dungeon)

   Int-2:     It affects your intelligence (-2).
   rF+:       It protects you from fire.
   rC+:       It protects you from cold.
   rN+:       It protects you from negative energy.
Missiles
 c - a throwing net
Armour
 b - a +0 robe (worn)
 d - an orb of light
Scrolls
 e - a scroll of identify


   Skills:
 * Level 3.5 Fighting
 - Level 3.2 Short Blades
 + Level 4.9 Dodging


You had 2 spell levels left.
You didn't know any spells.
Your spell library was empty.

Dungeon Overview and Level Annotations

Branches:
Dungeon (3/15)

Altars:
Uskayaw

Annotations:
D:3 2 transporters


Innate Abilities, Weirdness & Mutations

You are very small and have problems with some larger weapons.
You are too small for most types of armour.
You have supernaturally acute eyesight. (SInv)
You cover ground extremely quickly. (Speed+++)


Message History

You kill the orc!
Things that are here:
a +0 club; a +0 halberd
c - a throwing net
Things that are here:
a +0 club; a +0 halberd
Things that are here:
a +0 club; an orc corpse An orc is nearby!
Items here: )) †††††.
The orc shouts!
The orc barely misses you.
You puncture the orc! You burn the orc.
You kill the orc!
Things that are here:
a +0 whip; a +0 leather armour; an orc corpse You closely miss the goblin.
The goblin hits you with a +1 dagger of venom.
You are poisoned.
The goblin barely misses you.
You puncture the goblin! You burn the goblin.
You kill the goblin!
You feel very sick. The worm misses you.
You hit the worm. You burn the worm.
The worm is moderately wounded.
You feel sick. The worm misses you.
You puncture the worm! You burn the worm.
The worm is almost dead.
You feel yourself speed up.
You feel sick. The worm bites you!
* * * LOW HITPOINT WARNING * * *
* * * LOW HITPOINT WARNING * * *
You feel sick.
You aren't carrying any potions.
You aren't carrying any potions.
As you read the scroll labelled OSAOLU FUGRUITH, it crumbles to dust.
It is a scroll of identify.
You don't currently have any unidentified items.
You die...

## ######## ##8## 8#
#...)..##8...8 ..8##
#)###.###..... ...##
#)# #..#_..... ...>#
###.#######..... ..##
#........##8...8 .
#........# #8## #
#....@...## # #
#....))...############
#....w....##...S......
######.##:...!S.S.....
#..###........... ##.#
#.##########
#.###.#8P#~~~~~~ ..
#<##..#..#PP~~~.
..##....©#©(+~P~♣~.


You could see a worm.

Vanquished Creatures
  A gnoll (D:3)
  3 adders (D:3)
  3 orcs (D:3)
  A giant cockroach (D:2)
  2 goblins (D:3)
  2 hobgoblins
  2 quokkas
  2 frilled lizards
  5 kobolds
  2 rats
23 creatures vanquished.

Notes
Turn   | Place    | Note
-------+----------+-------------------------------------------
     0 | D:1      | Bravepunisher the Spriggan Monk began the quest for the
                  | Orb.
     0 | D:1      | Reached XP level 1. HP: 11/11 MP: 2/2
   311 | D:2      | Reached XP level 2. HP: 16/16 MP: 3/3
   377 | D:3      | Identified the +7 trident "Omuatire" {flame, rF+ rC+ rN+
                  | Int-2}
   409 | D:3      | Found a transporter.
   413 | D:3      | Noticed an electric eel
   413 | D:3      | Noticed an electric eel
   413 | D:3      | Noticed an electric eel
   422 | D:3      | Found a transporter.
   469 | D:3      | Found a hide-covered altar of Uskayaw.
   490 | D:3      | Reached XP level 3. HP: 20/20 MP: 4/4
   539 | D:3      | HP: 1/20 [poisoned by a goblin]
   540 | D:3      | Succumbed to a goblin's poison

Illustrated notes

Levels and vault maps discovered:
D:1:      erik_arrival_blinker_ship, layout_basic, serial_glass,
          glass_columns_b, glass_columns_a, st_stairs_11,
          wander_ebering_terrifying_dragon_lair
D:2:      layout_basic, hellmonk_ecumenical_altar_heavens_door,
          ebering_dispersal_statue_hall, grunt_ministairs_2, minmay_tetromino_l4
D:3:      gammafunk_steamed_eel, layout_rooms, nicolae_overflow_hidden_temple,
          uniq_jessica

Skill      XL: |  1  2 |
---------------+-------+-----
Fighting       | 3 |  3.5
Short Blades   | |  3.2
Dodging        | |  4.9

Action                     || total
---------------------------++-------
  Melee: Short sword       ||    30
         Trident           ||    36
    Use: Potion            ||     2
         Scroll            ||     1
 Armour: Robe              ||    19
  Dodge: Dodged            ||    82

Table legend: (Time is in decaauts)
 A = Elapsed time spent in this place.
 B = Non-inter-level travel time spent in this place.
 C = Inter-level travel time spent in this place.
 D = Time resting spent in this place.
 E = Time spent auto-exploring this place.
 F = Levels seen in this place.
 G = Mean time per level.
                   A        B        C        D        E       F      G
               +--------+--------+--------+--------+--------+-----+--------+
         Total |    376 |    376 |      0 |      0 |     86 |   3 |  125.3 |
       Dungeon |    376 |    376 |      0 |      0 |     86 |   3 |  125.3 |
               +--------+--------+--------+--------+--------+-----+--------+

Top non-repeatable levels by time:
     D:2: 180 daAuts
     D:3: 146 daAuts
     D:1: 49 daAuts
